 Dungeon Crawl Stone Soup version 0.28.0 (webtiles) character file.

Game seed: 15545875039832029812

3 DerDa the Digger (level 1, 0/13 HPs)
             Began as a Gnoll Wanderer on Feb 6, 2022.
             Frozen to death by an endoplasm (4 damage)
             ... on level 1 of the Dungeon.
             The game lasted 00:00:31 (184 turns).

DerDa the Digger (Gnoll Wanderer)                    Turns: 184, Time: 00:00:32

Health: 0/13       AC:  3    Str:  9    XL:     1   Next: 50%
Magic:  4/4        EV: 13    Int: 11    God:
Gold:   14         SH:  0    Dex: 13    Spells: 4/5 levels left

rFire   . . .      SeeInvis .   a - +0 short sword
rCold   . . .      Faith    .   (no shield)
rNeg    . . .      Spirit   .   d - +0 robe
rPois   .          Reflect  .   (no helmet)
rElec   .          Harm     .   (no cloak)
rCorr   .          Rampage  .   (no gloves)
Will    .....                   b - +0 pair of boots
Stlth   +.........              (no amulet)
HPRegen 0.04/turn               (no ring)
MPRegen 0.09/turn               (no ring)

@: no status effects
A: fangs 1, strong nose, distributed training
a: no special abilities


You were on level 1 of the Dungeon.
You visited 1 branch of the dungeon, and saw 1 of its levels.

You collected 14 gold pieces.

Inventory:

Hand Weapons
 a - a +0 short sword (weapon)
Missiles
 c - 20 stones
Armour
 b - a +0 pair of boots (worn)
 d - a +0 robe (worn)


   Skills:
 + Level 0.0 Fighting
 + Level 4.4 Short Blades
 + Level 0.0 Long Blades
 + Level 0.0 Axes
 + Level 0.0 Maces & Flails
 + Level 0.0 Polearms
 + Level 0.0 Staves
 + Level 0.0 Slings
 + Level 0.0 Bows
 + Level 0.0 Crossbows
 + Level 0.0 Throwing
 + Level 2.3 Armour
 + Level 4.4 Dodging
 + Level 0.0 Stealth
 + Level 0.0 Shields
 + Level 0.0 Unarmed Combat
 + Level 2.6 Spellcasting
 + Level 0.0 Conjurations
 + Level 0.0 Hexes
 + Level 0.0 Summonings
 + Level 0.0 Necromancy
 + Level 0.0 Translocations
 + Level 0.0 Transmutations
 + Level 0.0 Fire Magic
 + Level 0.0 Ice Magic
 + Level 0.0 Air Magic
 + Level 5.3 Earth Magic
 + Level 0.0 Poison Magic
 + Level 0.1 Invocations
 + Level 2.3 Evocations


You had 4 spell levels left.
You knew the following spells:

 Your Spells              Type           Power      Damage    Failure   Level
a - Sandblast             Erth           26%        2d8       3%          1

Your spell library contained the following spells:

 Spells                   Type           Power      Damage    Failure   Level
 Stone Arrow              Conj/Erth      14%        3d7       26%         3
 Leda's Liquefaction      Hex/Erth       3%         N/A       65%         4


Dungeon Overview and Level Annotations

Branches:
Dungeon (1/15)

Altars:


Innate Abilities, Weirdness & Mutations

You have very sharp teeth.
Your uncanny sense of smell can sniff out nearby items.
Your experience applies equally to all skills.


Message History

Things that are here:
9 gold pieces; a ball python corpse You hit the ball python.
The ball python is severely wounded.
The ball python bites you but does no damage.
The ball python barely misses you.
You hit the ball python.
You kill the ball python!
HP restored.
You now have 14 gold pieces (gained 9).
You see here a ball python corpse.
A rat comes into view.
The rat barely misses you.
You barely miss the rat. The rat bites you.
You hit the rat. Your bite misses the rat.
The rat is heavily wounded.
The rat bites you but does no damage.
You hit the rat.
You kill the rat!
No target in view!
No target in view!
An endoplasm comes into view.
The endoplasm quivers.
A quokka comes into view.
The endoplasm hits you but does no damage.
You hit the endoplasm.
You bite the endoplasm, but do no damage.
The endoplasm is lightly wounded.
The endoplasm freezes you.
You are frozen.
You hit the endoplasm but do no damage.
The endoplasm is lightly wounded.
The endoplasm hits you. The quokka bites you.
You are too injured to fight recklessly!
You are too injured to fight recklessly!
You hit the endoplasm.
The endoplasm is moderately wounded.
The endoplasm freezes you.
You are frozen.
You die...

...# #..### #...#
.#.## #..# #...#
#.#. #..# ##.## #
#. #..# #.#
.#####..#### #+#
...........# ..
........##.# .#
.......###.##.##.#
######.....@Jr...#
#####.##......#
#.# .###### #.# ..
#.. ... #.. ....
#.. ....# #. ....#


You could see an endoplasm and a quokka.

Vanquished Creatures
  2 ball pythons (D:1)
  A bat (D:1)
  2 rats (D:1)
5 creatures vanquished.

Notes
Turn   | Place    | Note
-------+----------+-------------------------------------------
     0 | D:1      | DerDa the Gnoll Wanderer began the quest for the Orb.
     0 | D:1      | DerDa set off with the following items: a +0 short sword, a
                  | +0 pair of boots, 20 stones, a +0 robe; and the following
                  | spell memorised: Sandblast; and the following spells
                  | available to memorise: Stone Arrow, Leda's Liquefaction
     0 | D:1      | Reached XP level 1. HP: 13/13 MP: 4/4
   184 | D:1      | Frozen to death by an endoplasm

Illustrated notes

Levels and vault maps discovered:
D:1:      evilmike_arrival_plus, layout_loops_ring, serial_bayou,
          serial_bayou_shore_a, serial_bayou_crossing, serial_bayou_shore_b,
          serial_bayou_pond_a, serial_bayou_shore_b, serial_bayou_pond_d,
          kennysheep_doodads, minmay_misc_feat_rugged, minmay_bisected

Action                   || total
-------------------------++-------
Melee: Short sword       ||    17
       Bite              ||     2
       Punch             ||     1
Armor: Robe              ||     9
Dodge: Dodged            ||    14
